 Dungeon Crawl Stone Soup version 0.31.0-12-g77e489cdc1 (webtiles) character file.

Game seed: 14075614428452847585

233 Gadfly the Trooper (level 6, -2/65 HPs)
             Began as an Oni Berserker on Mar 2, 2024.
             Was a Believer of Trog.
             Slain by a hound (5 damage)
             ... on level 3 of the Dungeon.
             The game lasted 00:03:45 (2717 turns).

Gadfly the Trooper (Oni Berserker)                  Turns: 2717, Time: 00:03:46

Health: -2/65      AC:  3    Str: 22    XL:     6   Next: 4%
Magic:  0/6        EV: 10    Int:  8    God:    Trog [**....]
Gold:   156        SH:  0    Dex: 10    Spells: 5/5 levels left

rFire   . . .        a - +1 mace
rCold   . . .        (no shield)
rNeg    . . .        m - +0 robe
rPois   .            (helmet restricted)
rElec   .            (no cloak)
rCorr   .            (gloves unavailable)
SInv    .            (boots unavailable)
Will    .....        b - amulet of guardian spirit
Stlth   +            (no ring)
HPRegen 0.30/turn    (no ring)
MPRegen 0.10/turn

%: guardian spirit
@: no status effects
A: large, unfitting armour, horns 1, tough skin 1, double potion healing,
drunken brawling
a: Renounce Religion, Berserk, Trog's Hand


You were on level 3 of the Dungeon.
You worshipped Trog.
Trog was pleased with you.
You visited 1 branch of the dungeon, and saw 4 of its levels.

You collected 156 gold pieces.

Inventory:

Hand Weapons
 a - a +1 mace (weapon)
Armour
 m - a +0 robe (worn)
Jewellery
 b - an amulet of guardian spirit (around neck)
Wands
 h - a wand of polymorph (7)
 k - a wand of iceblast (9) (quivered)
Scrolls
 o - a scroll of vulnerability
Potions
 c - 3 potions of curing
 e - a potion of mutation
 f - a potion of heal wounds
 g - a potion of resistance
 j - 2 potions of attraction
 l - a potion of might {unknown}
 n - a potion of enlightenment {unknown}


   Skills:
 + Level 4.9 Fighting
 * Level 4.2 Maces & Flails
 * Level 2.5 Armour
 - Level 2.6 Dodging
 * Level 2.3 Evocations


You had 5 spell levels left.
You didn't know any spells.
Your spell library was empty.

Dungeon Overview and Level Annotations

Branches:
Dungeon (4/15)
 Temple: D:4-7

Altars:


Innate Abilities, Weirdness & Mutations

You are too large for most types of armour.
You have a pair of small horns on your head.
You have tough skin. (AC +1)
You gain doubled healing and magic from potions.
Whenever you drink a healing potion, you attack all around you.


Message History

The hound attacks as it pursues you! The hound bites you.
* * * LOW HITPOINT WARNING * * *
The hound attacks as it pursues you! The hound barely misses you.
The hound misses you.
A hound comes into view.
The hound attacks as it pursues you! The hound bites you.
* * * LOW HITPOINT WARNING * * *
The hound closely misses you. The hound bites you.
* * * LOW HITPOINT WARNING * * *
The hound bites you.
* * * LOW HITPOINT WARNING * * *
The hound misses you. The hound barely misses you.
There is a stone staircase leading up here.
The hound bites you.
* * * LOW HITPOINT WARNING * * *
You climb upwards.
Reactivating autopickup.
There is a stone staircase leading down here.
You barely miss the hound. Your headbutt misses the hound. The hound bites you.
* * * LOW HITPOINT WARNING * * *
The hound misses you.
You closely miss the hound. The hound bites you.
* * * LOW HITPOINT WARNING * * *
The hound barely misses you.
You miss the hound.
The hound bites you but does no damage. x2
You barely miss the hound. The hound bites you.
* * * LOW HITPOINT WARNING * * *
The hound bites you.
* * * LOW HITPOINT WARNING * * *
You hit the hound.
The hound is lightly wounded.
The hound bites you but does no damage.
You miss the hound. You headbutt the hound.
The hound is heavily wounded.
The hound bites you.
* * * LOW HITPOINT WARNING * * *
The hound bites you.
You die...

#......##.# #.# #.#.# #.####.##.#
#.# #...# ..# #.##.# #.#
########...# #.# #.#..# #.#
#..........# #.# #.#.## #.#
#.######..<. #.# #.#.# #.#
#.##........ #[# #>#.#
#.######.##.##..... #.#
#.#.######...##......##.###. #.#
#.....<...h@...#...##...# #.
#.######.########...).#....#.###.
.........# #.###<..####.....
##.##.#### ######.####.## ###.##
##.##.# #...........# #.# ...##.#
#.......###########.## #####.#
#................##... #.#
#..................... #.#
#.....<.#######.######


You could see a hound.

Vanquished Creatures
  An orc priest (D:3)
  Jessica (D:3)
  An iguana (D:3)
  A hound zombie (D:2)
  6 adders
  3 dart slugs
  6 orcs
  4 bats
  2 bat skeletons (D:2)
  3 bat zombies (D:2)
  2 endoplasms
  4 giant cockroaches
  5 goblins
  3 hobgoblins
  6 jackals
  6 kobolds
  2 quokkas
  3 ball pythons
  2 ball python skeletons (D:2)
  5 frilled lizards
  2 giant cockroach zombies (D:2)
  A jackal skeleton (D:2)
  A quokka skeleton (D:2)
  A quokka zombie (D:2)
  A rat (D:1)
72 creatures vanquished.

Notes
Turn   | Place    | Note
-------+----------+-------------------------------------------
     0 | D:1      | Gadfly the Oni Berserker began the quest for the Orb.
     0 | D:1      | Reached XP level 1. HP: 24/24 MP: 1/1
   167 | D:1      | Reached XP level 2. HP: 32/32 MP: 2/2
   773 | D:1      | Reached skill level 1 in Armour
   939 | D:1      | Reached XP level 3. HP: 37/39 MP: 3/3
   988 | D:2      | Reached skill level 1 in Evocations
  1096 | D:2      | Reached XP level 4. HP: 45/49 MP: 2/4
  1120 | D:2      | Found a faded altar of an unknown god.
  1146 | D:2      | Reached ** piety under Trog
  1631 | D:3      | Reached XP level 5. HP: 14/55 MP: 2/5
  2386 | D:3      | Noticed Jessica
  2390 | D:3      | Killed Jessica
  2391 | D:3      | Reached XP level 6. HP: 58/65 MP: 6/6
  2717 | D:3      | HP: 3/65 [hound (2)]
  2717 | D:3      | Slain by a hound

Illustrated notes

Levels and vault maps discovered:
D:1:      wheals_arrival_linesprint, layout_loops_ring,
          chequers_hall_statues_wall_a
D:2:      layout_basic, serial_undead, serial_undead_d, serial_undead_d,
          serial_undead_d, serial_undead_d,
          hellmonk_ecumenical_altar_pennies_from_heaven, minmay_tall_x
D:3:      layout_loops_ring, hangedman_abyss_or_decor_lesser_grid, uniq_jessica
D:4:      layout_basic, xom_redecorated, temple_statues, uniq_crazy_yiuf_cottage

Skill      XL: |  1  2  3  4  5 |
---------------+----------------+-----
Armour         | 1 2 |  2.5
Evocations     | 1 2 |  2.3
Maces & Flails | 4 |  4.2
Fighting       | |  4.9
Dodging        | |  2.6

Action                     |  1- 3 |  4- 6 || total
---------------------------+-------+-------++-------
  Melee: Mace              |    68 |   139 ||   207
         Headbutt          |     8 |    21 ||    29
         Punch             |       |     1 ||     1
    Use: Scroll            |     4 |     4 ||     8
         Potion            |     1 |     3 ||     4
 Armour: Animal skin       |    29 |       ||    29
         Robe              |    24 |   162 ||   186
  Dodge: Dodged            |    48 |   154 ||   202
